 Seeded DCSS version 0.28-a0-1594-ga885d4b3d6 (webtiles) character file.

Game seed: 12700726141709342370 (custom seed)

958 flotson the Slasher (level 7, 0/55 HPs)
             Began as a Demonspawn Gladiator on Jan 21, 2022.
             Slain by a shadow (18 damage)
             ... on level 6 of the Dungeon.
             The game lasted 00:04:07 (4780 turns).

flotson the Slasher (Demonspawn Gladiator)          Turns: 4780, Time: 00:04:08

Health: 0/55       AC: 19    Str: 16    XL:     7   Next: 91%
Magic:  0/7        EV: 12    Int: 10    God:
Gold:   184        SH:  0    Dex: 14    Spells: 6/6 levels left

rFire   . . .      SeeInvis .   a - +0 long sword
rCold   . . .      Faith    .   (no shield)
rNeg    . . .      Spirit   +   e - +0 ring mail
rPois   .          Reflect  .   c - +0 helmet
rElec   .          Harm     .   B - +0 cloak
rCorr   .          Rampage  .   l - +0 pair of gloves
Will    .....                   (no boots)
Stlth   +.........              g - amulet of guardian spirit
HPRegen 0.18/turn               t - +4 ring of protection
MPRegen 0.20/turn               (no ring)

@: sanguine armoured
A: hooves 1, powered by death 1, magic regeneration, sanguine armour 1
a: no special abilities


You were on level 6 of the Dungeon.
You visited 1 branch of the dungeon, and saw 6 of its levels.

You collected 184 gold pieces.

Inventory:

Hand Weapons
 a - a +0 long sword (weapon)
 b - a +2 dagger of venom
Missiles
 d - 3 throwing nets (quivered)
 s - 6 poisoned darts
 y - 2 datura-tipped darts
Armour
 c - a +0 helmet (worn)
 e - a +0 ring mail (worn)
 l - a +0 pair of gloves (worn)
 B - a +0 cloak (worn)
Jewellery
 g - an amulet of guardian spirit (around neck)
 t - a +4 ring of protection (left hand)
Scrolls
 f - a scroll of fog {unknown}
 h - a scroll of amnesia {unknown}
 k - a scroll of fear {unknown}
 m - 2 scrolls of acquirement {unknown}
 o - a scroll of summoning {unknown}
 p - 6 scrolls of identify {unknown}
 q - 2 scrolls of brand weapon {unknown}
 u - a scroll of silence {unknown}
 v - 2 scrolls of blinking {unknown}
 w - 2 scrolls of vulnerability {unknown}
 x - a scroll of noise {unknown}
 E - a scroll of teleportation {unknown}
Potions
 i - a potion of degeneration {unknown}
 j - 2 potions of brilliance
 n - a potion of curing {unknown}
 r - 3 potions of lignification {unknown}
 z - a potion of might {unknown}
 A - 2 potions of heal wounds {unknown}
 C - a potion of haste {unknown}
 D - a potion of invisibility {unknown}


   Skills:
 + Level 4.4 Fighting
 + Level 4.5 Long Blades
 + Level 4.0 Throwing
 + Level 3.4 Armour
 + Level 4.5 Dodging


You had 6 spell levels left.
You didn't know any spells.
Your spell library contained the following spells:

 Spells                   Type           Power      Damage    Failure   Level
 Magic Dart               Conj           0%         1d3       56%         1
 Ensorcelled Hibernation  Hex/Ice        0%         N/A       71%         2
 Searing Ray              Conj           0%         2d4       71%         2
 Spider Form              Tmut/Pois      0%         N/A       91%         3
 Anguish                  Hex/Necr       0%         N/A       100%        4
 Fulminant Prism          Conj/Hex       0%         3d6       100%        4


Dungeon Overview and Level Annotations

Branches:
Dungeon (6/15)             Temple (0/1) D:5

Altars:
Hepliaklqana


Innate Abilities, Weirdness & Mutations

You have large cloven feet.
You regenerate a little health from kills.
You regenerate magic rapidly.
When seriously injured, your blood forms armour. (AC +6)


Message History

You barely miss something. Your kick misses something.
The shadow strikes at you from the darkness!
Reactivating autopickup.
The shadow hits you.
You hit the shadow but do no damage. You kick the shadow, but do no damage.
The shadow is moderately damaged.
The shadow misses you.
You hit the shadow but do no damage. You kick the shadow, but do no damage.
The shadow is moderately damaged.
The shadow hits you.
You hit the shadow but do no damage. You kick the shadow, but do no damage.
The shadow is moderately damaged.
The shadow hits you.
You barely miss the shadow. You kick the shadow, but do no damage.
The shadow is moderately damaged.
The shadow slips into darkness.
The shadow flickers and vanishes!
Deactivating autopickup; reactivate with Ctrl-A.
You miss something.
The shadow strikes at you from the darkness!
Your blood congeals into armour.
Reactivating autopickup.
The shadow hits you!
You hit the shadow but do no damage. You kick the shadow.
You punch the shadow, but do no damage.
The shadow is moderately damaged.
The shadow slips into darkness.
The shadow flickers and vanishes!
Deactivating autopickup; reactivate with Ctrl-A.
You closely miss something.
The shadow strikes at you from the darkness!
Reactivating autopickup.
You slash the shadow! You kick the shadow, but do no damage.
The shadow is heavily damaged.
The shadow slips into darkness.
The shadow flickers and vanishes!
Deactivating autopickup; reactivate with Ctrl-A.
You slash something!
The shadow strikes at you from the darkness!
You die...

#.........# #.........#
##### #.........# ....#
#.........# ......
#.........# ..8...
####.........#####......
...##..................|
...###..................
.....#.###......@{......
.........#..............
.....#.#.#..........8...
.....#.#.#..............
##...#.# #...........###
#...#.# #...........#
#...#.# #...........#
#####.. #.#.######### ##


There were no monsters in sight!

Vanquished Creatures
  Grinder (D:4)
  An ice beast (D:6)
  A phantom (D:4)
  A scorpion (D:5)
  A water moccasin zombie (D:5)
  Crazy Yiuf (D:4)
  2 bullfrog skeletons
  2 centaur skeletons
  4 hounds
  A jelly (D:5)
  Natasha (thrice) (D:4)
  An iguana (D:5)
  A hound skeleton (D:4)
  3 adders
  A shadow imp (D:5)
  An adder skeleton (D:5)
  3 orcs (D:3)
  6 ball pythons
  3 bats
  8 endoplasms
  6 giant cockroaches
  A goblin (D:4)
  3 hobgoblins (D:2)
  A jackal (D:1)
  5 kobolds
  4 quokkas (D:4)
  3 frilled lizards
  3 rats
  A spectral kobold (D:5)
72 creatures vanquished.

Notes
Turn   | Place    | Note
-------+----------+-------------------------------------------
     0 | D:1      | flotson the Demonspawn Gladiator began the quest for the
                  | Orb.
     0 | D:1      | Reached XP level 1. HP: 16/16 MP: 1/1
   520 | D:1      | Gained mutation: You regenerate magic rapidly. [demonic
                  | ancestry]
   520 | D:1      | Reached XP level 2. HP: 22/22 MP: 2/2
  1423 | D:2      | Reached skill level 1 in Armour
  1423 | D:2      | Gained mutation: You have large cloven feet. [demonic
                  | ancestry]
  1423 | D:2      | Reached XP level 3. HP: 21/28 MP: 3/3
  1917 | D:3      | Found a faded altar of an unknown god.
  2590 | D:4      | Noticed a phantom
  2606 | D:4      | Killed a phantom
  2607 | D:4      | Gained mutation: You regenerate a little health from kills.
                  | [demonic ancestry]
  2607 | D:4      | Reached XP level 4. HP: 27/34 MP: 2/4
  2712 | D:4      | Reached XP level 5. HP: 39/40 MP: 3/5
  2748 | D:4      | Noticed Grinder
  2762 | D:4      | Killed Grinder
  2763 | D:4      | Reached XP level 6. HP: 21/47 MP: 2/6
  3024 | D:4      | Noticed Natasha
  3036 | D:4      | Killed Natasha
  3083 | D:4      | Noticed Natasha
  3091 | D:4      | Killed Natasha
  3121 | D:4      | Found a runed translucent door.
  3122 | D:4      | Noticed Crazy Yiuf
  3449 | D:4      | Noticed Natasha
  3461 | D:4      | Killed Natasha
  3557 | D:4      | Killed Crazy Yiuf
  3593 | D:5      | Entered Level 5 of the Dungeon
  3594 | D:5      | Found a staircase to the Ecumenical Temple.
  3696 | D:5      | Gained mutation: When seriously injured, your blood forms
                  | armour. (AC +6) [demonic ancestry]
  3696 | D:5      | Reached XP level 7. HP: 40/53 MP: 5/7
  4440 | D:5      | Found a hazy altar of Hepliaklqana.
  4746 | D:6      | Noticed a shadow
  4780 | D:6      | Slain by a shadow

Illustrated notes

Levels and vault maps discovered:
D:1:      dpeg_arrival_arbitrary_c, layout_basic, minmay_misc_feat_room,
          minmay_indecisive_spiral
D:2:      layout_loops_cross
D:3:      layout_loops_ring, basic_ecumenical_altar
D:4:      layout_basic, uniq_natasha, uniq_grinder, uniq_crazy_yiuf_cottage
D:5:      layout_loops_ring, nicolae_hepliaklqana_monster_ancestors,
          minmay_temple_entry_gardened_gates
D:6:      minmay_opposing_rooms, layout_basic, moated_statue, st_stairs_1

Skill      XL: |  1  2  3  4  5  6  7 |
---------------+----------------------+-----
Throwing       | 2 3 4 |  4.0
Long Blades    | 3 4 |  4.5
Armour         | 1 2 3 |  3.4
Dodging        | 3 4 |  4.5
Fighting       | 3 4 |  4.4

Action                   |  1- 3 |  4- 6 |  7- 9 || total
-------------------------+-------+-------+-------++-------
Melee: Long sword        |    74 |       |    10 ||    84
       Dagger            |    29 |    97 |   116 ||   242
       Kick              |    12 |    20 |    51 ||    83
       Punch             |       |       |     5 ||     5
Armor: Ring mail         |    49 |    39 |    59 ||   147
Dodge: Dodged            |    55 |    50 |    63 ||   168

Table legend: (Time is in decaauts)
 A = Elapsed time spent in this place.
 B = Non-inter-level travel time spent in this place.
 C = Inter-level travel time spent in this place.
 D = Time resting spent in this place.
 E = Time spent auto-exploring this place.
 F = Levels seen in this place.
 G = Mean time per level.
                   A        B        C        D        E       F      G
               +--------+--------+--------+--------+--------+-----+--------+
         Total |   4777 |   4598 |    179 |    216 |   3739 |   6 |  796.2 |
       Dungeon |   4777 |   4598 |    179 |    216 |   3739 |   6 |  796.2 |
               +--------+--------+--------+--------+--------+-----+--------+

Top non-repeatable levels by time:
     D:4: 1133 daAuts
     D:1: 1094 daAuts
     D:5: 892 daAuts
     D:2: 789 daAuts
     D:3: 589 daAuts
     D:6: 279 daAuts
